 Dungeon Crawl Stone Soup version 0.19.1 (webtiles) character file.

132 Menchi the Charlatan (level 4, -1/32 HPs)
             Began as a Mummy Artificer on Dec 11, 2016.
             Slain by a gnoll
             ... wielding a +0 flail
              (11 damage)
             ... on level 3 of the Dungeon.
             The game lasted 00:08:29 (1442 turns).

Menchi the Charlatan (Mummy Artificer)              Turns: 1442, Time: 00:08:30

Health: -1/32      AC:  7    Str: 15    XL:     4   Next: 92%
Magic:  6/6        EV: 12    Int: 11    God:
Gold:   105        SH:  0    Dex: 12    Spells: 0 memorised, 5 levels left

rFire  x . .     SeeInvis .     h - +3 quarterstaff (chaos)
rCold  + . .     Gourm    .     b - +0 leather armour
rNeg   + + +     Faith    .     (shield currently unavailable)
rPois  ∞         Spirit   .     (no helmet)
rElec  .         Reflect  .     i - +2 cloak {MR+}
rCorr  .         Harm     .     f - +0 pair of gloves
MR     +....                    (no boots)
Stlth  +.........               (no amulet)
                                (no ring)
                                (no ring)

@: no status effects
A: no food or potions, fire vulnerability, cold resistance 1, negative energy
resistance 3, torment resistance, unbreathing
a: no special abilities


You were on level 3 of the Dungeon.
You were not hungry.

You visited 1 branch of the dungeon, and saw 3 of its levels.

You collected 105 gold pieces.

Inventory:

Hand Weapons
 a - a +0 short sword
 h - a +3 quarterstaff of chaos (weapon)
Armour
 b - a +0 leather armour (worn)
 f - a +0 pair of gloves (worn)
 i - a +2 cloak of magic resistance (worn)
Wands
 c - a wand of flame (0/48)
 d - a wand of enslavement (12/24)
 e - a wand of random effects (13/48)


   Skills:
 + Level 1.6 Fighting
 - Level 0.7 Short Blades
 + Level 0.1 Staves
 + Level 2.5 Dodging
 - Level 0.7 Stealth
 * Level 1.4 Spellcasting
 + Level 3.6 Evocations


You had 5 spell levels left.
You didn't know any spells.

Dungeon Overview and Level Annotations

Branches:
Dungeon (3/15)

Altars:


Innate Abilities, Weirdness & Mutations

You do not eat or drink.
Your flesh is vulnerable to fire.
You are immune to poison.
Your flesh is cold resistant. (rC+)
You are immune to negative energy. (rN+++)
You are immune to unholy pain and torment.
You can survive without breathing.


Message History

Zapping:
d - a wand of enslavement (15/24)
Press: ? - help, Shift-Dir - straight line, f - gnoll, p - gnoll
Aim: a gnoll, wielding a whip (heavily wounded, fast, chance to defeat MR: 62%)
The gnoll is charmed.
This wand has 14 charges left.
The gnoll hits your gnoll with a flail!
Your gnoll dies!
Evoke which item? (* to show all) (? for menu, Esc to quit)
Zapping:
d - a wand of enslavement (14/24)
Press: ? - help, Shift-Dir - straight line, f - gnoll
Aim: a gnoll, wielding a flail (chance to defeat MR: 62%)
The gnoll resists with significant effort.
This wand has 13 charges left.
Evoke which item? (* to show all) (? for menu, Esc to quit)
Zapping:
d - a wand of enslavement (13/24)
Press: ? - help, Shift-Dir - straight line, f/p - gnoll
Aim: a gnoll, wielding a flail (chance to defeat MR: 62%)
The gnoll resists with significant effort.
This wand has 12 charges left.
The gnoll closely misses you. The gnoll hits you with a flail!
You die...

# #############++++########
#g #........................
#####≈≈≈≈≈≈≈≈≈≈≈≈....≈≈≈≈≈≈≈≈
≈≈≈≈≈≈≈≈≈≈≈≈≈≈≈≈≈....≈≈≈≈≈≈≈≈
≈≈≈≈≈≈≈≈≈≈≈≈≈≈≈≈g....≈≈≈≈≈≈≈≈
(...............g))...)......
######.#.###†#@#..#######...
##(.#...).#.#.#####
##.#...)...#.......#
##[###...#..#..####.# #.##
##........####
##.###.###........#
###.#.#####.##.##.#
#...........##......
#.##.#.#........#.#####


You could see 2 gnolls.

Vanquished Creatures
  Crazy Yiuf (D:2)
  3 gnolls (D:3)
  3 adders (D:2)
  A dart slug (D:2)
  3 leopard geckos
  3 giant cockroaches (D:2)
  3 hobgoblins
  3 jackals (D:3)
  A quokka (D:3)
  5 bats
  4 frilled lizards
  A goblin (D:3)
  4 kobolds
  7 rats
42 creatures vanquished.

Vanquished Creatures (others)
  A gnoll (D:3)
1 creature vanquished.

Grand Total: 43 creatures vanquished

Notes
Turn   | Place    | Note
-------+----------+-------------------------------------------
     0 | D:1      | Menchi the Mummy Artificer began the quest for the Orb.
     0 | D:1      | Reached XP level 1. HP: 15/15 MP: 2/2
   263 | D:1      | Reached XP level 2. HP: 21/21 MP: 4/4
   791 | D:2      | Reached skill level 1 in Spellcasting
   791 | D:2      | Reached XP level 3. HP: 16/26 MP: 5/5
  1003 | D:2      | Reached skill level 3 in Evocations
  1022 | D:2      | Found a runed door.
  1272 | D:2      | Noticed Crazy Yiuf
  1273 | D:2      | Killed Crazy Yiuf
  1273 | D:2      | Reached XP level 4. HP: 30/32 MP: 6/6
  1442 | D:3      | Slain by a gnoll

Skill      XL: |  1  2  3 |
---------------+----------+-----
Spellcasting   | 1 |  1.4
Dodging        | 2 |  2.5
Evocations     | 3 |  3.6
Fighting       | |  1.6
Short Blades   | |  0.7
Staves         | |  0.1
Stealth        | |  0.7

Action                   |  1- 3 |  4- 6 || total
-------------------------+-------+-------++-------
Melee: Short sword       |   114 |       ||   114
       Quarterstaff      |       |    15 ||    15
Evoke: Wand              |     8 |    12 ||    20
  Use: Scroll            |       |     2 ||     2
 Stab: Sleeping          |     3 |       ||     3
Armor: Leather armour    |    39 |     7 ||    46
Dodge: Dodged            |   108 |    18 ||   126
